 Dungeon Crawl Stone Soup version 0.30-a0-140-gd1020e658a (webtiles) character file.

Game seed: 9483402160151411808

120 themarg the Insei (level 5, -1/36 HPs)
             Began as a Gnoll Transmuter on Sept 25, 2022.
             Was a Follower of Hepliaklqana.
             Killed by divine providence
             ... invoked by an orc priest
              (8 damage)
             ... on level 4 of the Dungeon.
             The game lasted 00:07:12 (2717 turns).

themarg the Insei (Gnoll Transmuter)                Turns: 2717, Time: 00:07:12

Health: -1/36      AC:  2    Str:  9    XL:     5   Next: 4%
Magic:  12/12      EV: 22    Int: 15    God:    Hepliaklqana [*.....]
Gold:   141        SH:  0    Dex: 17    Spells: 8/14 levels left

rFire   . . .      SeeInvis .      - Unarmed
rCold   . . .      Faith    .    (shield currently unavailable)
rNeg    . . .      Spirit   .    (body armour currently unavailable)
rPois   x          Reflect  .    (helmet currently unavailable)
rElec   .          Harm     .    (cloak currently unavailable)
rCorr   .          Rampage  .    (gloves currently unavailable)
Will    .....                    (boots currently unavailable)
Stlth   ++........               m - amulet of magic regeneration
HPRegen 0.12/turn                (no ring)
MPRegen 0.53/turn                (no ring)

@: spider-form (expiring)
A: venomous fangs, reduced essence, tiny, (fangs 1), strong nose, distributed
training
a: End Transformation, Renounce Religion, Recall Ancestor, Ancestor Identity


You were on level 4 of the Dungeon.
You worshipped Hepliaklqana.
Hepliaklqana was aware of your devotion.
You were a venomous arachnid creature.
You visited 1 branch of the dungeon, and saw 4 of its levels.

You collected 141 gold pieces.

Inventory:

Hand Weapons
 f - a +0 flail (melded)
 q - a +1 short sword of protection
Missiles
 o - a throwing net
Armour
 a - a +0 robe (melded)
 j - a +0 pair of boots (melded)
 k - a +1 leather armour of poison resistance
Jewellery
 m - an amulet of magic regeneration (around neck)
Wands
 n - a wand of quicksilver (7)
 p - a wand of polymorph (8)
Scrolls
 d - a scroll of poison {unknown}
 e - a scroll of noise {unknown}
 h - 5 scrolls of identify {unknown}
 i - 2 scrolls of enchant armour {unknown}
 l - a scroll of torment {unknown}
 r - a scroll of amnesia {unknown}
Potions
 b - 2 potions of lignification
 c - a potion of curing {unknown}
 g - 2 potions of heal wounds {unknown}


   Skills:
 + Level 2.9 Fighting
 + Level 1.4 Short Blades
 + Level 1.4 Long Blades
 + Level 1.4 Axes
 + Level 1.4 Maces & Flails
 + Level 1.4 Polearms
 + Level 1.4 Staves
 + Level 1.4 Ranged Weapons
 + Level 1.4 Throwing
 + Level 1.4 Armour
 + Level 4.7 Dodging
 + Level 1.4 Stealth
 + Level 1.4 Shields
 + Level 6.6 Unarmed Combat
 + Level 5.1 Spellcasting
 + Level 1.1 Conjurations
 + Level 1.1 Hexes
 + Level 1.1 Summonings
 + Level 1.1 Necromancy
 + Level 1.1 Translocations
 + Level 3.9 Transmutations
 + Level 1.1 Fire Magic
 + Level 1.1 Ice Magic
 + Level 1.1 Air Magic
 + Level 1.1 Earth Magic
 + Level 1.1 Poison Magic
 + Level 1.5 Invocations
 + Level 1.4 Evocations


You had 8 spell levels left.
You knew the following spells:

 Your Spells              Type           Power      Damage    Failure   Level
a - Beastly Appendage     Tmut           30%        N/A       11%         1
b - Wereblood             Tmut           15%        N/A       14%         2
c - Spider Form           Tmut/Pois      11%        N/A       36%         3

Your spell library contained the following spells:

 Spells                   Type           Power      Damage    Failure   Level
 Shock                    Conj/Air       28%        1d4       24%         1
 Ignite Poison            Fire/Tmut/Pois 10%        N/A       41%         3
 Mephitic Cloud           Conj/Pois/Air  7%         N/A       52%         3
 Swiftness                Air            7%         N/A       52%         3
 Ice Form                 Ice/Tmut       11%        N/A       71%         4
 Airstrike                Air            3%         2d(1-17)  86%         4
 Freezing Cloud           Conj/Ice/Air   3%         6-21      99%         5


Dungeon Overview and Level Annotations

Branches:
Dungeon (4/15)
 Temple: D:4-7

Altars:
Hepliaklqana
Uskayaw
The Shining One


Innate Abilities, Weirdness & Mutations

You are a venomous arachnid creature.
You have poisonous fangs.
You are tiny and dextrous.
Your spellcasting is less reliable in this form.
Your armour is entirely melded.
You are incapable of wielding weapons or throwing items.
Your life essence is reduced to manifest your ancestor. (-10% HP)
((You have very sharp teeth.))
Your uncanny sense of smell can sniff out nearby items.
Your experience applies equally to all skills.


Message History

The orc priest mumbles some strange prayers to Beogh against you.
Beogh smites you! The giant cockroach closely misses you.
The howler monkey hoots and howls with incredible vigour!
Tuba closely misses the jackal.
The jackal barely misses Tuba.
You hit the giant cockroach.
The giant cockroach is poisoned.
The giant cockroach is moderately wounded.
A jackal comes into view.
An orc comes into view. It is wielding a +0 whip.
The giant cockroach closely misses you. The howler monkey misses you.
The jackal closely misses Tuba.
Tuba closely misses the jackal.
The giant cockroach attacks as you move away!
The giant cockroach closely misses you.
You kill the giant cockroach!
The jackal bites Tuba.
The howler monkey hits Tuba.
Tuba is destroyed!
Things that are here:
a +0 short sword; a jackal corpse The orc attacks as you move away!
The orc misses you.
Your transformation is almost over.
There is a stone staircase leading up here.
You hit the jackal.
The jackal is heavily wounded.
The orc completely misses you. The jackal closely misses you.
You hit the jackal.
You kill the jackal!
The orc hits you with a +0 flail.
* * * LOW HITPOINT WARNING * * *
You hit the jackal.
You kill the jackal!
The orc misses you.
You hit the howler monkey.
The howler monkey is poisoned.
The howler monkey is moderately wounded.
The orc completely misses you.
The howler monkey hoots and howls with incredible vigour!
You hit the orc.
The orc is poisoned.
The orc is moderately wounded.
The orc completely misses you.
The orc priest mumbles some strange prayers to Beogh against you.
Beogh smites you!
You die...

#. #.########.#.##
#)).....R.h..$.
#...######B..##
#.#h# ∆ .# #.#)#
#.#.# ∆ ∆
#.#h#######...
####.#.#hs.......
........ho#####..#
#######.oo# #...#
#...# #...# .....
.###.## #. #.#


You could see a howler monkey (very poisoned, catching breath), an orc priest, 2
orcs and a jackal.

Vanquished Creatures
  3 gnolls
  An adder (D:2)
  A worm (D:2)
  2 orcs (D:4)
  6 endoplasms
  5 giant cockroaches
  5 goblins
  3 hobgoblins
  7 jackals
  3 kobolds
  8 quokkas
  4 ball pythons
  A bat (D:2)
  A frilled lizard (D:3)
  A rat (D:2)
  2 toadstools (D:1)
53 creatures vanquished.

Vanquished Creatures (collateral kills)
  2 gnolls (D:4)
2 creatures vanquished.

Vanquished Creatures (others)
  An ancestor (D:4)
  26 plants (D:2)
  2 toadstools (D:1)
29 creatures vanquished.

Grand Total: 84 creatures vanquished

Notes
Turn   | Place    | Note
-------+----------+-------------------------------------------
     0 | D:1      | themarg the Gnoll Transmuter began the quest for the Orb.
     0 | D:1      | Reached XP level 1. HP: 17/17 MP: 6/6
    63 | D:1      | Found a faded altar of an unknown god.
   124 | D:1      | Reached XP level 2. HP: 21/23 MP: 5/7
   127 | D:1      | Learned a level 2 spell: Wereblood
   713 | D:2      | Reached skill level 5 in Spellcasting
   713 | D:2      | Reached XP level 3. HP: 25/28 MP: 7/9
   786 | D:2      | Reached skill level 1 in Invocations
  1274 | D:2      | Reached skill level 1 in Short Blades
  1274 | D:2      | Reached skill level 1 in Long Blades
  1274 | D:2      | Reached skill level 1 in Axes
  1274 | D:2      | Reached skill level 1 in Maces & Flails
  1274 | D:2      | Reached skill level 1 in Polearms
  1274 | D:2      | Reached skill level 1 in Staves
  1274 | D:2      | Reached skill level 1 in Ranged Weapons
  1274 | D:2      | Reached skill level 1 in Throwing
  1274 | D:2      | Reached skill level 1 in Armour
  1274 | D:2      | Reached skill level 1 in Stealth
  1274 | D:2      | Reached skill level 1 in Shields
  1274 | D:2      | Reached skill level 1 in Evocations
  1277 | D:2      | Reached XP level 4. HP: 32/34 MP: 11/11
  1392 | D:3      | Found a hazy altar of Hepliaklqana.
  1394 | D:3      | Found a hide-covered altar of Uskayaw.
  1396 | D:3      | Found a glowing golden altar of the Shining One.
  1400 | D:3      | Became a worshipper of Hepliaklqana the Forgotten
  1597 | D:3      | Learned a level 3 spell: Spider Form
  2116 | D:3      | Reached * piety under Hepliaklqana
  2155 | D:3      | Reached skill level 1 in Conjurations
  2155 | D:3      | Reached skill level 1 in Hexes
  2155 | D:3      | Reached skill level 1 in Summonings
  2155 | D:3      | Reached skill level 1 in Necromancy
  2155 | D:3      | Reached skill level 1 in Translocations
  2155 | D:3      | Reached skill level 1 in Fire Magic
  2155 | D:3      | Reached skill level 1 in Ice Magic
  2155 | D:3      | Reached skill level 1 in Air Magic
  2155 | D:3      | Reached skill level 1 in Earth Magic
  2155 | D:3      | Reached skill level 1 in Poison Magic
  2708 | D:4      | Reached XP level 5. HP: 23/36 MP: 10/12
  2717 | D:4      | Killed from afar by an orc priest

Illustrated notes

Levels and vault maps discovered:
D:1:      ldierk_water_garden, layout_rooms,
          ebering_ecumenical_altar_sacrificial
D:2:      wad_woods_tower, layout_basic
D:3:      layout_basic, chequers_temple_overflow_statue_of_worship
D:4:      layout_loops_ring, temple_doors_ab

Skill      XL: |  1  2  3  4 |
---------------+-------------+-----
Spellcasting   | 5 |  5.1
Invocations    | 1 |  1.5
Short Blades   | 1 |  1.4
Long Blades    | 1 |  1.4
Axes           | 1 |  1.4
Maces & Flails | 1 |  1.4
Polearms       | 1 |  1.4
Staves         | 1 |  1.4
Ranged Weapons | 1 |  1.4
Throwing       | 1 |  1.4
Armour         | 1 |  1.4
Stealth        | 1 |  1.4
Shields        | 1 |  1.4
Evocations     | 1 |  1.4
Conjurations   | 1 |  1.1
Hexes          | 1 |  1.1
Summonings     | 1 |  1.1
Necromancy     | 1 |  1.1
Translocations | 1 |  1.1
Fire Magic     | 1 |  1.1
Ice Magic      | 1 |  1.1
Air Magic      | 1 |  1.1
Earth Magic    | 1 |  1.1
Poison Magic   | 1 |  1.1
Fighting       | |  2.9
Dodging        | |  4.7
Unarmed Combat | |  6.6
Transmutations | |  3.9

Action                   |  1- 3 |  4- 6 || total
-------------------------+-------+-------++-------
Melee: Unarmed           |    30 |    19 ||    49
       Kick              |    15 |     3 ||    18
       Headbutt          |    11 |     6 ||    17
       Bite              |     7 |     4 ||    11
       Flail             |    51 |    23 ||    74
       Punch             |     2 |     1 ||     3
 Cast: Beastly Appendage |    22 |    10 ||    32
       Spider Form       |       |     2 ||     2
       Wereblood         |       |     2 ||     2
Invok: Ancestor Identity |       |     2 ||     2
 Stab: Sleeping          |     2 |     2 ||     4
Armor: Robe              |     9 |     3 ||    12
Dodge: Dodged            |    44 |    44 ||    88

Table legend: (Time is in decaauts)
 A = Elapsed time spent in this place.
 B = Non-inter-level travel time spent in this place.
 C = Inter-level travel time spent in this place.
 D = Time resting spent in this place.
 E = Time spent auto-exploring this place.
 F = Levels seen in this place.
 G = Mean time per level.
                   A        B        C        D        E       F      G
               +--------+--------+--------+--------+--------+-----+--------+
         Total |   2737 |   2687 |     50 |    345 |   1868 |   4 |  684.2 |
       Dungeon |   2737 |   2687 |     50 |    345 |   1868 |   4 |  684.2 |
               +--------+--------+--------+--------+--------+-----+--------+

Top non-repeatable levels by time:
     D:3: 1106 daAuts
     D:2: 802 daAuts
     D:1: 604 daAuts
     D:4: 225 daAuts
